cohdb
Replays
Latest Replays
All Replays
Popular Replays
Top Player Replays
Match Explorer
How It Works
Community
CoH3 Stats
Reddit
Sign in to upload your games and track your stats! →
Sign in with Steam
The Italian Menace is back
Match 31074884
Overview
Messages
Build Orders
End
Kradschützen Motorcycle Team
Selects Italian Infantry
Kradschützen Motorcycle Team
Panzergrenadier Squad
Panzergrenadier Squad
Construct Light Support Kompanie
Fire Support Elements
Selects Guastatori Squad
Selects L6/40 Light Tank Combat Group
L6/40 Light Tank Combat Group
Vehicle Survival Package
Panzerjäger Mechanized Group
Construct Panzerarmee Kommand
Selects Defensive Operations
Selects Territory Booby Traps
Panzer III L Medium Tank
Panzer III L Medium Tank
2.5-tonne Medical Truck
Tungsten Core Ammunition
Panzer III L Medium Tank
Selects Obice 305mm Barrage
Obice 305mm Barrage
Emergency Repair Kits
Panzer III L Medium Tank
Obice 305mm Barrage
Panzer III L Medium Tank
L6/40 Light Tank Combat Group
Alpenwell
AreYouHappy
0
0
Comments
sign in to comment!
No comments posted yet!